 Dungeon Crawl Stone Soup version 0.28.0-53-g5a82cb258f (webtiles) character file.

Game seed: 1821497941763439033

51 LynnLen the Sneak (level 3, -3/20 HPs)
             Began as a Vampire Enchanter on Aug 20, 2022.
             Slain by a hobgoblin (5 damage)
             ... on level 2 of the Dungeon.
             The game lasted 00:07:59 (1853 turns).

LynnLen the Sneak (Vampire Enchanter)               Turns: 1853, Time: 00:07:59

Health: -3/20      AC:  2    Str:  4 (7)  XL:     3   Next: 58%
Magic:  2/6        EV: 12    Int: 16 (19) God:
Gold:   10         SH:  0    Dex: 11 (14) Spells: 4/6 levels left

rFire   . . .      SeeInvis +   a - +2 dagger
rCold   + + .      Faith    .   (no shield)
rNeg    + + +      Spirit   .   b - +0 robe
rPois   ∞          Reflect  .   (no helmet)
rElec   .          Harm     .   (no cloak)
rCorr   .          Rampage  .   (no gloves)
Will    .....                   (no boots)
Stlth   +++++.....              (no amulet)
HPRegen 0.00/turn               (no ring)
MPRegen 0.10/turn               (no ring)

@: attractive, bloodless, inhibited regen
A: bloodless, fangs 3, see invisible, vampiric 2
a: Bat Form, Revivify


You were on level 2 of the Dungeon.
You visited 1 branch of the dungeon, and saw 3 of its levels.

You collected 10 gold pieces.

Inventory:

Hand Weapons
 a - a +2 dagger (weapon)
Missiles
 j - 35 stones
Armour
 b - a +0 robe (worn)
Wands
 l - a wand of polymorph (6)
Scrolls
 g - a scroll of immolation
Potions
 e - a potion of degeneration


   Skills:
 + Level 1.0 Fighting
 + Level 1.7 Short Blades
 + Level 0.8 Armour
 + Level 2.7 Dodging
 + Level 5.0 Stealth
 + Level 2.3 Spellcasting
 - Level 4.4 Hexes


You had 4 spell levels left.
You knew the following spells:

 Your Spells              Type           Power      Damage    Failure   Level
a - Ensorcelled Hibernat  Hex/Ice        16%        N/A       12%         2

Your spell library contained the following spells:

 Spells                   Type           Power      Damage    Failure   Level
 Confusing Touch          Hex            15%        N/A       10%         3
 Tukima's Dance           Hex            15%        N/A       10%         3
 Sting                    Tmut/Pois      4%         1d3       21%         1
 Dazzling Flash           Conj/Hex       16%        N/A       24%         3
 Poisonous Vapours        Pois/Air       2%         N/A       30%         2
 Olgreb's Toxic Radiance  Pois           1%         N/A       89%         4


Dungeon Overview and Level Annotations

Branches:
Dungeon (3/15)

Altars:

Annotations:
D:3 Robin


Innate Abilities, Weirdness & Mutations

You do not regenerate when monsters are visible.
You are frail without blood (-20% HP).
You can heal yourself when you bite living creatures.
You are immune to poison.
You have razor-sharp teeth.
You have supernaturally acute eyesight. (SInv)
You are afflicted with vampirism and can become a bat while bloodless.


Message History

Aiming: Ensorcelled Hibernation (safe; 10% risk of failure)
Press: ? - help, Q - select action, (/) - cycle Shift-Dir - straight line, f/p - goblin
Aim: a goblin, wielding a +1 dagger of speed (chance to affect: 62%)
The goblin resists with significant effort.
The goblin hits you but does no damage.
Aiming: Ensorcelled Hibernation (safe; 10% risk of failure)
Press: ? - help, Q - select action, (/) - cycle Shift-Dir - straight line, f/p - goblin
Aim: a goblin, wielding a +1 dagger of speed (chance to affect: 62%)
The goblin resists with significant effort.
You feel your willpower return.
The goblin hits you with a +1 dagger of speed.
The goblin closely misses you.
The goblin hits you with a +1 dagger of speed.
* * * LOW HITPOINT WARNING * * *
The goblin closely misses you.
There is a stone staircase leading up here.
The hobgoblin misses you. The goblin completely misses you.
You climb upwards.
There is a stone staircase leading down here.
You don't have enough magic to cast this spell.
Okay, then.
Press: ? - help, v - describe, . - travel
Here: a goblin, wielding a +1 dagger of speed The floor.
It was a potion of degeneration.
There was something very wrong with that liquid.
You feel weakened.
You feel dopey.
You feel clumsy. The goblin barely misses you. The hobgoblin misses you.
It was a potion of attraction.
You feel attractive to monsters. The goblin hits you but does no damage.
The hobgoblin hits you.
* * * LOW HITPOINT WARNING * * *
The goblin hits you with a +1 dagger of speed.
* * * LOW HITPOINT WARNING * * *
It was a potion of lignification.
You feel woody for a moment. The goblin misses you. The hobgoblin misses you.
You hit the goblin.
You kill the goblin!
The hobgoblin hits you.
You die...

##............<## #
#...............# #
#...............# #
#...............# #
#...............# #
#...............#
#...............#
##.............######
##g@)..#............
#######.########...
#.###....).#.
#.#...#......
#.#...#......
#.#...#......
##.....#......
#......#......
#..#...#####..


You could see a hobgoblin.

Vanquished Creatures
  2 adders (D:2)
  A dart slug (D:1)
  4 endoplasms
  2 giant cockroaches
  4 goblins
  3 hobgoblins
  2 jackals (D:1)
  2 kobolds (D:1)
  2 ball pythons
  4 bats
  2 frilled lizards (D:2)
  4 rats
32 creatures vanquished.

Vanquished Creatures (others)
  A plant (D:2)
1 creature vanquished.

Grand Total: 33 creatures vanquished

Notes
Turn   | Place    | Note
-------+----------+-------------------------------------------
     0 | D:1      | LynnLen the Vampire Enchanter began the quest for the Orb.
     0 | D:1      | Reached XP level 1. HP: 13/13 MP: 3/3
    96 | D:1      | Reached XP level 2. HP: 20/20 MP: 5/5
   115 | D:1      | Learned a level 2 spell: Ensorcelled Hibernation
   164 | D:1      | Found a faded altar of an unknown god.
  1017 | D:2      | Gained mutation: You are afflicted with vampirism and can
                  | become a bat while bloodless. [Vampire growth]
  1017 | D:2      | Reached XP level 3. HP: 16/20 MP: 1/6
  1627 | D:2      | Reached skill level 1 in Fighting
  1627 | D:2      | Reached skill level 5 in Stealth
  1827 | D:3      | Noticed Robin
  1853 | D:2      | Slain by a hobgoblin

Illustrated notes

Levels and vault maps discovered:
D:1:      heliophobic_arrival_henge, layout_basic,
          shapermc_ecumenical_altar_venn, serial_rivers,
          chequers_serial_rivers_small_a, chequers_serial_rivers_small_b,
          chequers_serial_rivers_micro_d, chequers_serial_rivers_small_b
D:2:      layout_rooms, serial_bayou_crossing
D:3:      layout_loops_ring, minmay_randomly_rotated_circles, uniq_robin,
          uniq_terence

Skill      XL: |  1  2  3 |
---------------+----------+-----
Fighting       | 1 |  1.0
Stealth        | 5 |  5.0
Short Blades   | |  1.7
Armour         | |  0.8
Dodging        | |  2.7
Spellcasting   | |  2.3
Hexes          | |  4.4

Action                   || total
-------------------------++-------
Melee: Dagger            ||    98
       Bite              ||    11
 Cast: Ensorcelled Hiber ||    10
 Abil: Exsanguinate      ||     2
  Use: Potion            ||     4
       Scroll            ||     6
 Stab: Sleeping          ||    15
Armor: Robe              ||    18
Dodge: Dodged            ||    59
